Map: Alcyone LE

Players

cyan

  • Race: Protoss Protoss
  • League: Grandmaster
  • Spawn Location: 7:00

Bunny - Winner!

  • Race: Terran Terran
  • Spawn Location: 1:00

Event: IEM Katowice 2024

VOD

Have the link to the VOD?

Description

Time

  • Played on: Dec. 6, 2023, 4:16 a.m.
  • Length: 13:54

All games in this series

Show
View Real Time Build Order
Export as new Build Order

cyan Protoss 

Build Orders: 1 Gate Expand, Oracle Opening 

Get SALT Encoding   

  12  0:00  Probe  
  13  0:12  Probe  
  14  0:17  Pylon  
  14  0:24  Probe (Chrono Boost)  
  15  0:36  Gateway, Probe (Chrono Boost)  
  16  0:45  Assimilator, Probe (Chrono Boost)  
  17  0:51  Probe  
  18  1:03  Probe  
  19  1:15  Probe  
  20  1:22  Nexus  
  20  1:30  Cybernetics Core  
  20  1:34  Probe  
  20  1:39  Assimilator  
  21  1:46  Probe  
  22  1:49  Pylon  
  22  1:58  Probe  
  23  2:04  Adept (Chrono Boost)  
  25  2:10  Probe  
  26  2:16  Stargate  
  26  2:22  Probe  
  27  2:24  Warp Gate  
  27  2:27  Adept (Chrono Boost)  
  29  2:35  Probe (Chrono Boost)  
  31  2:39  Probe (Chrono Boost)  
  32  2:45  Probe (Chrono Boost)  
  32  2:49  Probe (Chrono Boost)  
  32  2:50  Probe (Chrono Boost)  
  32  2:52  Adept  
  35  2:59  Probe  
  35  3:02  Oracle (Chrono Boost), Probe  
  40  3:06  Pylon  
  40  3:11  Probe  
  41  3:14  Probe  
  41  3:17  Gateway  
  42  3:23  Probe  
  42  3:26  Probe  
  44  3:31  Oracle (Chrono Boost)  
  47  3:35  Probe  
  47  3:38  Probe  
  49  3:47  Probe  
  50  3:49  Nexus  
  50  3:51  Probe  
  51  3:55  Pylon  
  51  3:59  Probe  
  52  4:03  Probe  
  52  4:07  Robotics Facility  
  53  4:11  Probe  
  53  4:13  Assimilator  
  53  4:15  Assimilator, Probe  
  55  4:17  Stalker  
  55  4:20  Stalker  
  59  4:31  Shield Battery  
  59  4:33  Pylon  
  59  4:34  Shield Battery, Phoenix (Chrono Boost)  
  61  4:41  Pylon  
  61  4:51  Probe x2  
  61  4:52  Immortal (Chrono Boost)  
  67  5:01  Twilight Council  
  67  5:02  Probe (Chrono Boost)  
  67  5:03  Pylon  
  67  5:06  Probe (Chrono Boost)  
  70  5:07  Probe (Chrono Boost)  
  70  5:11  Sentry  
  70  5:13  Zealot  
  75  5:14  Probe (Chrono Boost)  
  75  5:17  Probe (Chrono Boost)  
  75  5:19  Probe x2 (Chrono Boost)  
  78  5:21  Probe (Chrono Boost)  
  78  5:23  Gateway  
  78  5:28  Probe  
  80  5:30  Probe  
  80  5:31  Robotics Bay  
  80  5:34  Pylon, Probe  
  82  5:36  Observer  
  82  5:39  Charge (Chrono Boost)  
  82  5:40  Probe  
  84  5:44  Probe  
  84  5:46  Probe  
  84  5:47  Gateway  
  86  5:50  Gateway  
  86  5:52  Stalker  
  86  5:55  Stalker  
  89  6:04  Probe  
  90  6:09  Probe  
  91  6:12  Gateway  
  91  6:14  Gateway, Probe  
  91  6:15  Colossus (Chrono Boost)  
  91  6:16  Probe  
  91  6:18  Pylon  
  93  6:21  Pylon  
  93  6:23  Probe  
  100  6:26  Pylon  
  100  6:27  Phoenix (Chrono Boost)  
  102  6:33  Zealot x3  
  102  6:38  Pylon  
  106  6:41  Pylon  
  106  6:43  Probe  
  107  6:49  Pylon  
  107  6:50  Phoenix (Chrono Boost)  
  107  6:52  Zealot  
  107  6:53  Zealot  
  113  6:55  Zealot x3  
  113  6:57  Assimilator  
  113  6:59  Pylon  
  119  7:02  Colossus  
  119  7:05  Probe  
  126  7:10  Blink (Chrono Boost)  
  126  7:12  Pylon  
  126  7:17  Forge  
  126  7:24  Gateway  
  126  7:25  Forge  
  126  7:27  Zealot x2, Pylon  
  130  7:31  Probe  
  130  7:33  Zealot x2  
  130  7:35  Phoenix  
  130  7:36  Probe  
  131  7:46  Zealot x2  
  122  7:52  Probe  
  122  7:56  Photon Cannon  
  122  7:57  Probe  
  117  8:00  Pylon, Shield Battery, Phoenix  
  119  8:11  Nexus, Protoss Ground Armor Level 1 (Chrono Boost)  
  119  8:15  Protoss Ground Weapons Level 1 (Chrono Boost)  
  119  8:19  Probe  
  121  8:20  Probe x2  
  121  8:25  Phoenix  
  121  8:32  Colossus (Chrono Boost), Probe x2  
  123  8:39  Nexus  
  123  8:40  Pylon  
  119  8:49  Pylon  
  119  8:54  Phoenix  
  119  8:59  Zealot x7  
  132  9:12  Templar Archives, Pylon  
  132  9:13  Sentry  
  132  9:14  Photon Cannon, Pylon  
  132  9:15  Pylon  
  132  9:16  Pylon  
  134  9:18  Observer (Chrono Boost)  
  134  9:19  Phoenix  
  137  9:29  Nexus  
  135  9:31  Shield Battery  
  135  9:32  Zealot x2  
  135  9:38  Pylon  
  139  9:40  Immortal (Chrono Boost)  
  139  9:43  Probe  
  144  9:51  Shield Battery  
  142  10:00  Photon Cannon  
  142  10:02  Shield Battery  
  142  10:05  Protoss Ground Weapons Level 2 (Chrono Boost)  
  142  10:06  Zealot  
  142  10:07  Zealot x4  
  142  10:16  Zealot x3  
  134  10:28  Stalker x2  
  134  10:29  Stalker x2  
  125  10:35  Zealot  
  125  10:39  Probe  
  125  10:40  Zealot x3  
  134  10:45  Colossus (Chrono Boost)  
  140  10:50  Probe  
  140  10:52  Protoss Ground Armor Level 2 (Chrono Boost)  
  141  10:57  High Templar x5  
  141  11:01  Archon x2  
  141  11:03  Zealot  
  153  11:04  High Templar  
  153  11:06  Assimilator, Probe  
  153  11:07  Probe  
  153  11:10  Probe  
  158  11:12  Pylon  
  158  11:16  Archon  
  152  11:19  Probe  
  152  11:23  Zealot  
  153  11:29  Probe x3  
  153  11:32  Photon Cannon, Immortal (Chrono Boost), Probe  
  149  11:36  Robotics Facility  
  149  11:39  Robotics Facility  
  149  11:44  Zealot x5  
  158  11:48  Probe  
  158  11:53  Assimilator, Probe  
  156  11:58  High Templar x2, Zealot  
  156  11:59  Assimilator  
  162  12:02  Archon  
  162  12:04  Immortal (Chrono Boost)  
  150  12:30  Disruptor  
  150  12:31  Disruptor  
  150  12:33  Probe  
  150  12:35  Zealot x5  
  150  12:36  Zealot x3  
  175  12:43  Dark Shrine  
  175  12:44  Pylon  
  167  12:53  Disruptor  
  171  12:58  Zealot x5  
  171  12:59  Zealot x2  
  185  13:06  Disruptor  
  187  13:15  Disruptor  
  191  13:22  Zealot x3  
  126  13:42  Zealot x8  
Show
View Real Time Build Order
Export as new Build Order

Bunny Terran - Winner!

Build Orders: Reaper Expand 

Get SALT Encoding   

  12  0:00  SCV  
  13  0:12  SCV  
  14  0:17  Supply Depot  
  14  0:24  SCV  
  15  0:38  SCV  
  15  0:40  Barracks  
  15  0:42  Refinery  
  16  0:50  SCV  
  17  1:02  SCV  
  18  1:15  SCV  
  19  1:27  Orbital Command, Reaper  
  20  1:39  Command Center  
  20  1:48  Supply Depot  
  20  1:52  SCV  
  21  1:59  Marine  
  22  2:04  SCV  
  23  2:08  Factory  
  23  2:14  Refinery  
  23  2:16  SCV  
  23  2:19  Barracks Reactor  
  24  2:23  Bunker  
  24  2:29  SCV  
  25  2:41  SCV  
  26  2:52  Orbital Command  
  26  2:55  Hellion, SCV, Starport  
  26  2:58  Marine  
  29  3:00  Marine  
  31  3:07  SCV  
  32  3:16  Widow Mine, Marine  
  32  3:18  SCV, Marine  
  37  3:21  SCV  
  37  3:25  Supply Depot  
  38  3:30  SCV  
  38  3:33  SCV  
  42  3:39  Marine x2  
  46  3:43  SCV  
  46  3:44  Cyclone  
  46  3:45  Viking  
  46  3:47  Supply Depot  
  47  3:48  SCV  
  47  3:55  SCV  
  47  3:56  Marine  
  47  3:57  Marine  
  50  4:04  Barracks, SCV  
  50  4:07  SCV  
  52  4:14  Marine  
  52  4:15  Marine, Supply Depot  
  52  4:16  Medivac  
  52  4:17  Cyclone  
  58  4:18  Barracks  
  58  4:20  SCV x2  
  60  4:32  Supply Depot, Marine  
  60  4:33  Marine  
  60  4:36  SCV x2, Refinery  
  60  4:37  Supply Depot  
  64  4:48  SCV x2  
  64  4:50  Starport Tech Lab, Factory Tech Lab  
  64  4:55  Marine  
  64  4:56  Marine  
  66  5:00  SCV x2  
  68  5:07  Supply Depot  
  68  5:09  Command Center  
  68  5:13  SCV x2  
  70  5:17  Factory Reactor, Marine x2  
  70  5:18  Starport Reactor  
  70  5:19  Stimpack  
  72  5:23  Combat Shield  
  71  5:28  SCV x2  
  71  5:34  Marine x2  
  75  5:37  Marauder x2, Engineering Bay  
  75  5:41  Supply Depot  
  79  5:43  SCV  
  79  5:44  SCV  
  79  5:48  Refinery  
  79  5:52  Marine x2  
  81  5:57  Widow Mine, Medivac x2  
  81  5:59  Marauder x2  
  91  6:05  Widow Mine  
  93  6:11  Marine  
  93  6:14  SCV x2  
  93  6:15  Barracks  
  93  6:18  Supply Depot  
  96  6:19  Barracks  
  96  6:20  Terran Infantry Weapons Level 1, Marauder  
  98  6:26  SCV  
  98  6:27  SCV  
  98  6:29  Medivac  
  98  6:30  Medivac  
  102  6:34  Marauder  
  102  6:37  Marine x2  
  106  6:40  Missile Turret, SCV  
  106  6:41  Marauder  
  106  6:43  SCV  
  110  6:49  Orbital Command  
  110  6:51  Widow Mine  
  110  6:52  Widow Mine  
  110  6:53  SCV  
  115  6:55  SCV, Concussive Shells  
  115  6:59  Medivac  
  115  7:00  Medivac  
  120  7:02  Marauder  
  120  7:05  Marauder  
  120  7:06  SCV  
  120  7:07  Barracks Tech Lab  
  125  7:08  Barracks Reactor  
  125  7:17  Supply Depot x2  
  125  7:34  SCV  
  125  7:38  Marauder x2, SCV x2, Marine x2  
  125  7:39  Marauder, Widow Mine x2  
  138  7:46  Marine x2, SCV  
  140  7:53  Armory  
  140  7:54  Engineering Bay  
  140  7:56  Supply Depot  
  140  7:57  Supply Depot  
  138  8:01  Marauder, SCV  
  141  8:14  Terran Infantry Armor Level 1  
  141  8:16  Ghost Academy  
  141  8:17  SCV x2  
  141  8:18  Viking, Marine x4, Widow Mine, Marauder x2  
  141  8:19  Widow Mine  
  156  8:31  SCV  
  157  8:45  Marauder  
  157  8:47  Marine  
  157  8:48  SCV  
  157  8:49  SCV  
  157  8:50  Marine  
  157  8:53  Terran Infantry Weapons Level 2  
  157  8:56  Supply Depot  
  157  9:02  Marine x2, Refinery  
  157  9:03  Supply Depot, Refinery  
  157  9:05  Viking x2, Widow Mine x2  
  165  9:16  Supply Depot  
  165  9:17  Marine x2  
  165  9:18  Marauder, SCV x3  
  172  9:24  Ghost  
  172  9:25  Marauder  
  172  9:26  Widow Mine x2  
  180  9:37  Viking x2  
  184  9:38  Ghost  
  184  9:39  Command Center  
  184  9:43  Marine x2  
  184  9:44  Marine  
  189  9:47  Marine  
  189  9:51  Ghost  
  189  9:52  Ghost  
  182  10:01  Marine x2  
  182  10:07  Viking, Widow Mine x2  
  182  10:11  Viking  
  182  10:13  Ghost  
  179  10:25  Barracks  
  179  10:26  Marauder x2  
  179  10:27  Marine  
  179  10:28  Barracks, Marine x2  
  172  10:30  Barracks  
  172  10:32  Marine  
  152  10:37  Viking, Widow Mine x2  
  152  10:38  Terran Infantry Armor Level 2  
  152  10:41  Viking  
  152  10:42  Marine  
  161  10:43  SCV x3  
  161  10:45  Marine x2  
  161  10:47  Marauder  
  161  10:48  Marine, Marauder  
  170  10:50  Marine  
  170  10:56  SCV x3  
  172  10:59  Widow Mine x2  
  172  11:01  Marauder  
  178  11:06  Marine x3  
  179  11:14  SCV x3  
  182  11:22  Marauder x3, Marine  
  182  11:23  Marine  
  182  11:24  Marine x2  
  186  11:27  Widow Mine x2  
  186  11:31  Planetary Fortress  
  185  11:33  SCV x2  
  185  11:39  Marine  
  184  11:41  Marine, Medivac x2  
  190  11:50  Ghost  
  190  11:51  Ghost  
  194  12:03  Widow Mine  
  194  12:04  Widow Mine  
  198  12:09  Barracks Reactor, Barracks Tech Lab x2  
  198  12:10  Personal Cloaking  
  198  12:11  Medivac  
  198  12:13  Refinery  
  198  12:15  Refinery  
  198  12:23  Marauder  
  200  12:32  Fusion Core  
  200  12:33  Starport  
  200  12:34  Missile Turret x2  
  200  12:35  Sensor Tower  
  200  12:36  Sensor Tower  
  200  12:44  Command Center  
  200  12:49  Command Center  
  200  13:03  Missile Turret  
  200  13:04  Command Center  
  200  13:16  Starport Reactor  

Tags
 
Add a new tag
Caveats
  • Supply blocks, unpowered buildings, or Contaminate may cause inaccurate times.
  • Supply counts are checked every 10 seconds.